 Dungeon Crawl Stone Soup version 0.30.0-10-gfe55d96785 (webtiles) character file.

Game seed: 9553977454594938790

48 NinjaNoafa the Charlatan (level 3, -2/26 HPs)
             Began as a Merfolk Artificer on May 14, 2023.
             Killed themself with a badly aimed iceblast (22 damage)
             ... on level 2 of the Dungeon.
             The game lasted 00:03:53 (1195 turns).

NinjaNoafa the Charlatan (Merfolk Artificer)        Turns: 1195, Time: 00:03:53

Health: -2/26      AC:  3    Str: 12    XL:     3   Next: 72%
Magic:  3/3        EV: 12    Int: 10    God:
Gold:   124        SH:  5    Dex: 16    Spells: 2/2 levels left

rFire   . . .        a - +0 short sword
rCold   . . .        (no shield)
rNeg    . . .        b - +0 leather armour
rPois   .            (no helmet)
rElec   .            (no cloak)
rCorr   .            (no gloves)
SInv    .            (no boots)
Will    .....        f - amulet of reflection
Stlth   ++           (no ring)
HPRegen 0.24/turn    (no ring)
MPRegen 0.08/turn

%: reflection
@: no status effects
A: (nimble swimmer 2), mertail
a: no special abilities


You were on level 2 of the Dungeon.
You visited 1 branch of the dungeon, and saw 2 of its levels.

You collected 124 gold pieces.

Inventory:

Hand Weapons
 a - a +0 short sword (weapon)
Missiles
 n - 5 poisoned darts
Armour
 b - a +0 leather armour (worn)
Jewellery
 f - an amulet of reflection (around neck)
 g - a ring of fire
Wands
 c - a wand of flame (15) (quivered)
 d - a wand of charming (14)
 e - a wand of iceblast (5)
Scrolls
 i - 2 scrolls of teleportation {unknown}
 l - a scroll of enchant weapon {unknown}
 m - a scroll of torment {unknown}
Potions
 h - a potion of ambrosia {unknown}
 j - a potion of curing {unknown}
 k - a potion of might {unknown}


   Skills:
 - Level 1.1 Fighting
 - Level 0.6 Armour
 - Level 2.6 Dodging
 - Level 1.1 Stealth
 + Level 4.6 Evocations


You had 2 spell levels left.
You didn't know any spells.
Your spell library was empty.

Dungeon Overview and Level Annotations

Branches:
Dungeon (2/15) Zot: 10799

Altars:

Annotations:
D:2 Terence


Innate Abilities, Weirdness & Mutations

((You are very nimble when in or above water. (Stealth+, EV+, Speed+++)))
Your lower body shifts to a powerful aquatic tail in water.


Message History

You swap places.
You see here a hobgoblin corpse.
You now have 124 gold pieces (gained 17).
Terence is no longer charmed.
Terence is nearby!
You hit Terence.
Terence is lightly wounded.
Terence hits you with a +0 falchion.
You hit Terence but do no damage.
Terence is lightly wounded.
Terence hits you with a +0 falchion.
You hit Terence.
Terence is lightly wounded.
Terence barely misses you.
You barely miss Terence.
Terence is lightly wounded.
You block Terence's attack.
Aiming: Iceblast
Press: ? - help, Shift-Dir - straight line, f/p - Terence
Aim: Terence, wielding a +0 falchion and wearing a +0 chain mail (lightly wounded)
Okay, then.
Found a dagger.
Terence attacks as you move away! Terence hits you but does no damage.
Unknown command.
A hobgoblin comes into view.
The hobgoblin shouts!
Terence attacks as you move away! Terence barely misses you.
The hobgoblin misses you.
Unknown command.
Okay, then.
The hobgoblin attacks as you move away! You block the hobgoblin's attack.
Terence attacks as you move away! Terence barely misses you.
Aiming: Iceblast
Press: ? - help, Shift-Dir - straight line, p - Terence That beam is likely to hit you.
Continue anyway?
The mass of ice explodes!
The iceblast engulfs Terence!
Terence is severely wounded.
The iceblast engulfs you!!
Ouch! That really hurt!
You die...

#.# #..### #.# #.#
##...# #.####.#
###.# #.#.....
#.## #####.#...
#..## .........
#...# #....# #...#
#.@.##########...#
#@g...............
#)..##########...#
#...# #...# ##.##
#...# #.# #####
..# ####


You could see Terence and a hobgoblin.

Vanquished Creatures
  2 dart slugs (D:1)
  4 ball pythons (D:1)
  An endoplasm (D:2)
  A giant cockroach (D:1)
  5 goblins
  3 hobgoblins
  7 jackals (D:1)
  8 kobolds
  A quokka (D:1)
  A bat (D:2)
  A frilled lizard (D:1)
  2 rats (D:1)
36 creatures vanquished.

Vanquished Creatures (others)
  A hobgoblin (D:1)
1 creature vanquished.

Grand Total: 37 creatures vanquished

Notes
Turn   | Place    | Note
-------+----------+-------------------------------------------
     0 | D:1      | NinjaNoafa the Merfolk Artificer began the quest for the
                  | Orb.
     0 | D:1      | Reached XP level 1. HP: 15/15 MP: 1/1
    58 | D:1      | Found a faded altar of an unknown god.
   220 | D:1      | Reached XP level 2. HP: 21/21 MP: 2/2
   429 | D:1      | Reached skill level 4 in Evocations
   599 | D:1      | Reached XP level 3. HP: 26/26 MP: 3/3
   892 | D:2      | Identified the +2 falchion "Sahoiq" {drain, Str+2}
  1118 | D:2      | Noticed Terence
  1195 | D:2      | Killed themself with a badly aimed iceblast

Illustrated notes

Levels and vault maps discovered:
D:1:      psy_arrival_statuary, layout_loops_ring,
          hellmonk_ecumenical_altar_pennies_from_heaven, minmay_tromino_v4_b
D:2:      layout_rooms, chequers_serial_rivers_room_b, uniq_terence

Skill      XL: |  1  2 |
---------------+-------+-----
Evocations     | 4 |  4.6
Fighting       | |  1.1
Armour         | |  0.6
Dodging        | |  2.6
Stealth        | |  1.1

Action                     || total
---------------------------++-------
  Melee: Club              ||    28
         Dagger            ||    82
         Short sword       ||    97
         Punch             ||     1
  Evoke: Wand              ||     1
   Stab: Sleeping          ||     2
 Armour: Leather armour    ||    52
  Dodge: Dodged            ||   133
  Block: Other             ||    61
         Reflection        ||     2
